 Dungeon Crawl Stone Soup version 0.17-a0-1831-gaadb308 (webtiles) character file.

2585 ahoge the Blocker (level 9, -1/54 HPs)
             Began as a Gargoyle Fighter on Sept 14, 2015.
             Killed by divine providence
             ... invoked by an orc priest
              (15 damage)
             ... on level 6 of the Dungeon on Sept 15, 2015.
             The game lasted 00:32:06 (5030 turns).

ahoge the Blocker (Gargoyle Fighter)                Turns: 5030, Time: 00:32:06

Health: -1/54      AC: 24    Str: 25    XL:     9   Next: 58%
Magic:  9/9        EV: 11    Int:  9    God:
Gold:   503        SH: 11    Dex: 12    Spells: 0 memorised, 8 levels left

rFire  . . .     SeeInvis .     g - +3 flail (protect)
rCold  . . .     Clarity  .     l - +0 scale mail (curse)
rNeg   + . .     SustAt   .     c - +0 shield
rPois  ∞         Gourm    .     F - +1 hat
rElec  +         Spirit   .     x - +2 cloak {+Inv}
rCorr  .         Warding  .     (no gloves)
rMut   .         Stasis   .     r - +1 pair of boots
MR     .....                    (no amulet)
Stlth  ..........               (no ring)
                                (no ring)

@: mighty, not resistant to hostile enchantments, extremely unstealthy
A: negative energy resistance 1, electricity resistance, unbreathing,
petrification resistance, rot immunity, AC +5
a: Evoke Invisibility


You were on level 6 of the Dungeon.
You were not hungry.

You visited 1 branch of the dungeon, and saw 6 of its levels.
You also visited: Ossuary.

You collected 503 gold pieces.

Inventory:

Hand weapons
 a - a +0 flail
 g - a +3 flail of protection (weapon)
 m - a +2 whip of flaming
 w - a +2 quarterstaff of chaos
 y - a +2 mace of draining
 J - a +0 whip of flaming
Armour
 c - a +0 shield (worn)
 l - a cursed +0 scale mail (worn)
 r - a +1 pair of boots (worn)
 s - a +0 ring mail
 t - a +2 leather armour of magic resistance
 x - a +2 cloak of invisibility (worn)
 F - a +1 hat (worn)
 G - a +2 robe of the Archmagi
 P - a +0 ring mail
 T - a +0 robe of magic resistance
Magical devices
 v - a wand of digging (12)
 R - a wand of magic darts (13)
Scrolls
 f - 2 scrolls of amnesia
 k - 2 scrolls of blinking
 o - 5 scrolls of remove curse
 p - a scroll of enchant weapon {unknown}
 u - 4 scrolls of identify {unknown}
 z - 3 scrolls of magic mapping {unknown}
 A - 3 scrolls of fear {unknown}
 D - a scroll of random uselessness {unknown}
 K - a scroll of noise {unknown}
 M - a scroll of teleportation
 Q - a scroll of acquirement {unknown}
Potions
 b - a potion of flight {unknown}
 d - 4 potions of might
 h - a potion of haste {unknown}
 n - a potion of beneficial mutation {unknown}
 q - 4 potions of invisibility {unknown}
 B - 4 potions of berserk rage {unknown}
 C - a potion of poison {unknown}
 E - 2 potions of resistance {unknown}
 H - 2 potions of heal wounds {unknown}
 I - a potion of curing
 L - 2 potions of lignification {unknown}
 N - a potion of agility {unknown}
Books
 S - an Akashic Record

   Spells                             Type                      Level
   a - Dispersal                      Translocation                6
   b - Controlled Blink               Translocation                7
   c - Malign Gateway                 Summoning/Translocation      7
   d - Disjunction                    Translocation                8
Comestibles
 e - 6 bread rations
 i - 3 meat rations
 j - a beef jerky
 O - 2 chunks of flesh


   Skills:
 + Level 5.5 Fighting
 + Level 4.4 Maces & Flails
 + Level 5.7 Armour
 + Level 6.4 Dodging
 + Level 1.6 Stealth
 + Level 8.1 Shields


You had 8 spell levels left.
You didn't know any spells.

Dungeon Overview and Level Annotations

Branches:
Dungeon (6/15)             Temple (0/1) D:6

Altars:
Elyvilon
Gozag
Kikubaaqudgha
Yredelemnul


Innate Abilities, Weirdness & Mutations

You are resistant to torment.
Your stone body is resilient (AC +5).
You are immune to poison.
You resist negative energy.
You are resistant to electric shocks.
You can survive without breathing.
You are immune to petrification.
You are immune to rotting.


Message History

The orc wizard is moderately wounded.
You block the orc wizard's attack.
You sock the orc wizard!
The orc wizard is almost dead.
You block the orc wizard's attack.
The orc priest calls down the wrath of Beogh upon you.
Something smites you!
* * * LOW HITPOINT WARNING * * *
You are too injured to fight recklessly!
You are too injured to fight recklessly!
You are too injured to fight recklessly!
You are too injured to fight recklessly!
You are too injured to fight recklessly!
Things that are here:
a mace of protection; a plate armour You see here an orc corpse.
The orc wizard hits you but does no damage.
The orc priest calls down the wrath of Beogh upon you.
Something smites you!
You die...

..............#....##...#..
........................###
...........................
.....#....#.###....##...###
.....#.o..#........#.....[.
........)o.........#.......
.......)oo........##.......
....#..))o........##....... ...
#+##..@.......###.....# ..
#.....#....# #...... .
##.........###....#.
#...........##.#...#.....#....#.
#...........##.#...#.....#......
#...........##.'...#.....#......
#...........####...#.....#....#.
#.................###.####......
#.....................####....#.


You could see an orc priest, an orc wizard and 3 orcs.

Vanquished Creatures
  Pikel (D:4)
  The ghost of PeterLawrence the Covered, an average MiFi (D:4)
  Grinder (D:4)
  Prince Ribbit (D:6)
  Edmund (D:4)
  An orc warrior (D:6)
  An ogre (D:5)
  A sky beast (D:4)
  A centaur (D:6)
  A giant frog (D:6)
  Blork the orc (D:5)
  2 scorpions
  2 vampire bats (D:2)
  A crimson imp (D:6)
  2 hounds
  A jelly (D:5)
  3 orc wizards
  Crazy Yiuf (D:3)
  2 orc priests (D:6)
  5 worker ants
  8 mummies (Ossuary)
  A worker ant zombie (D:5)
  Robin (D:3)
  3 gnolls (D:5)
  7 adders
  An ooze (D:5)
  2 worms
  7 giant geckos
  23 orcs
  2 ball pythons
  3 bat skeletons (D:2)
  3 bat zombies (D:2)
  2 giant cockroaches
  9 hobgoblins
  6 quokkas
  2 bats
  A giant gecko skeleton (D:5)
  7 giant newts
  2 gnoll zombies (Ossuary)
  19 goblins
  A hobgoblin zombie (Ossuary)
  5 jackals
  A jackal skeleton (D:5)
  6 kobolds
  2 kobold zombies (Ossuary)
  3 orc zombies (Ossuary)
  A quokka skeleton (D:6)
  2 quokka zombies (D:5)
  13 rats
173 creatures vanquished.

Vanquished Creatures (others)
  A vampire bat (D:4)
  A worker ant (D:4)
  An adder (D:4)
  5 jackals (D:4)
  A quokka (D:4)
9 creatures vanquished.

Grand Total: 182 creatures vanquished

Notes
Turn   | Place    | Note
--------------------------------------------------------------
     0 | D:1      | ahoge the Gargoyle Fighter began the quest for the Orb.
     0 | D:1      | Reached XP level 1. HP: 14/14 MP: 1/1
   132 | D:1      | Reached XP level 2. HP: 17/19 MP: 2/2
   656 | D:2      | Reached XP level 3. HP: 18/23 MP: 3/3
   863 | D:2      | Found an ancient bone altar of Kikubaaqudgha.
   863 | D:2      | Noticed a vampire bat
   863 | D:2      | Noticed a vampire bat
   865 | D:2      | Reached skill level 4 in Armour
   866 | D:2      | Noticed a vampire bat
   874 | D:2      | Killed a vampire bat
   874 | D:2      | Reached skill level 1 in Dodging
   874 | D:2      | Reached XP level 4. HP: 24/29 MP: 4/4
   906 | D:2      | Killed a vampire bat
   906 | D:2      | Reached XP level 5. HP: 30/33 MP: 5/5
  1420 | D:3      | Noticed Crazy Yiuf
  1430 | D:3      | Killed Crazy Yiuf
  1590 | D:3      | Noticed Robin
  1640 | D:3      | Killed Robin
  1704 | D:3      | Reached XP level 6. HP: 35/38 MP: 6/6
  2169 | D:4      | Noticed Pikel
  2187 | D:4      | Killed Pikel
  2187 | D:4      | Reached skill level 1 in Stealth
  2187 | D:4      | Reached skill level 5 in Shields
  2187 | D:4      | Reached XP level 7. HP: 16/43 MP: 7/7
  2215 | D:4      | Noticed PeterLawrence's ghost (average MiFi)
  2256 | D:4      | Killed PeterLawrence's ghost
  2256 | D:4      | Reached XP level 8. HP: 12/48 MP: 8/8
  2413 | D:4      | Found a white marble altar of Elyvilon.
  2469 | D:4      | Reached skill level 6 in Shields
  2580 | D:4      | Noticed Edmund
  2641 | D:4      | Killed Edmund
  2809 | D:4      | Killed a vampire bat
  2830 | D:4      | Noticed Grinder
  2852 | D:4      | Killed Grinder
  2852 | D:4      | Reached skill level 5 in Dodging
  2979 | D:4      | Reached skill level 5 in Armour
  3403 | D:5      | Entered Level 5 of the Dungeon
  3507 | D:5      | Found an opulent altar of Gozag.
  3562 | D:5      | Reached skill level 5 in Fighting
  3809 | D:5      | Reached skill level 7 in Shields
  3830 | D:5      | Noticed Blork the orc
  3839 | D:5      | Killed Blork the orc
  3843 | D:5      | Reached XP level 9. HP: 41/54 MP: 9/9
  3922 | D:5      | Found a sand-covered staircase.
  3931 | Ossuary  | Entered an ossuary
  4652 | D:6      | Found a basalt altar of Yredelemnul.
  4714 | D:6      | Found a staircase to the Ecumenical Temple.
  4881 | D:6      | Noticed Prince Ribbit
  4920 | D:6      | Killed Prince Ribbit
  4944 | D:6      | Reached skill level 8 in Shields
  5030 | D:6      | Killed from afar by an orc priest

Vault maps used:
D:1:      minmay_arrival_semitransparent
D:2:      kennysheep_vampire_church, st_stairs_14
D:3:      serial_bayou, serial_bayou_shore_b, serial_bayou_pond_e,
          serial_bayou_lake_a, serial_bayou_crossing, uniq_robin,
          uniq_crazy_yiuf_cottage
D:4:      old_standard_altar, first_bread, uniq_grinder, uniq_pikel, uniq_edmund
D:5:      lightli_ossuary_entry_decrepit_ruins, basic_altar, uniq_blork_the_orc
D:6:      nicolae_ru_path_of_blood, yredelemnul_altar_generic,
          minmay_temple_entry_junction, due_unseen_surprise, uniq_prince_ribbit1
Ossuary:  ossuary_tomb_3

Action                   |  1- 3 |  4- 6 |  7- 9 || total
-------------------------+-------+-------+-------++-------
Melee: Flail             |   133 |    64 |   168 ||   365
       Mace              |       |   139 |       ||   139
       Whip              |       |       |   515 ||   515
  Use: Potion            |       |       |     6 ||     6
       Scroll            |       |       |     5 ||     5
  Eat: Chunk             |       |     4 |     8 ||    12
       Bread ration      |       |     1 |       ||     1
